Map: Lerilak Crest

Players

Tycho

  • Race: Protoss Protoss
  • League: Platinum

oremj - Winner!

  • Race: Terran Terran
  • League: Platinum

VOD

Have the link to the VOD?

Description

Time

  • Played on: Nov. 16, 2015, 7:56 p.m.
  • Length: 20:17
Show
View Real Time Build Order
Export as new Build Order

Tycho Protoss 

Build Orders:  

Get SALT Encoding   

  12  0:01  Probe (Chrono Boost)  
  13  0:19  Pylon  
  13  0:21  Probe (Chrono Boost)  
  14  0:31  Probe (Chrono Boost)  
  15  0:42  Probe (Chrono Boost)  
  16  0:52  Probe (Chrono Boost)  
  17  1:08  Nexus  
  17  1:12  Gateway  
  17  1:21  Probe (Chrono Boost)  
  17  1:23  Assimilator  
  17  1:25  Assimilator  
  18  1:33  Probe (Chrono Boost)  
  19  1:43  Probe (Chrono Boost)  
  21  1:54  Probe (Chrono Boost)  
  21  2:05  Cybernetics Core  
  21  2:09  Pylon  
  21  2:18  Probe (Chrono Boost)  
  21  2:20  Pylon  
  21  2:22  Probe (Chrono Boost)  
  23  2:28  Probe (Chrono Boost)  
  24  2:32  Probe (Chrono Boost)  
  25  2:37  Pylon  
  25  2:39  Probe (Chrono Boost)  
  25  2:43  Mothership Core (Chrono Boost)  
  27  2:52  Probe (Chrono Boost)  
  28  3:02  Probe (Chrono Boost)  
  29  3:07  Probe (Chrono Boost)  
  29  3:10  Warp Gate (Chrono Boost)  
  30  3:13  Adept  
  30  3:16  Probe  
  30  3:19  Twilight Council  
  33  3:33  Nexus  
  33  3:38  Probe  
  34  3:42  Probe  
  34  3:48  Pylon  
  35  3:51  Forge  
  35  4:06  Cybernetics Core  
  35  4:12  Pylon  
  35  4:15  Pylon  
  35  4:19  Gateway  
  35  4:24  Probe  
  36  4:35  Probe  
  37  4:44  Gateway  
  37  4:46  Gateway  
  37  4:47  Gateway  
  37  4:54  Probe  
  38  5:04  Probe  
  37  5:19  Pylon  
  37  5:22  Pylon  
  37  5:27  Probe  
  38  5:47  Stalker x3  
  38  5:48  Stalker x2  
  48  5:58  Assimilator  
  48  6:05  Templar Archives, Assimilator  
  48  6:06  Twilight Council  
  48  6:07  Probe  
  49  6:11  Assimilator  
  49  6:12  Assimilator  
  49  6:19  Stalker  
  49  6:20  Stalker x4  
  59  6:25  Pylon  
  59  6:29  Pylon  
  59  6:30  Pylon  
  59  6:31  Protoss Ground Weapons Level 1 (Chrono Boost)  
  59  6:35  Probe, Blink  
  60  6:46  Probe  
  53  6:55  Zealot  
  53  6:56  Probe, Zealot x3  
  56  7:03  Pylon  
  56  7:05  Psionic Storm  
  56  7:08  Probe  
  57  7:19  Photon Cannon x2  
  57  7:21  Photon Cannon  
  57  7:27  High Templar  
  57  7:28  High Templar  
  61  7:30  Zealot  
  61  7:31  Zealot  
  61  7:34  Probe  
  61  7:36  Probe x2  
  68  7:44  Probe  
  68  7:46  Probe  
  68  7:48  Probe  
  71  7:52  High Templar  
  71  7:53  Zealot x2  
  71  7:57  Probe  
  77  7:59  Pylon, Robotics Facility  
  77  8:00  Probe x2  
  77  8:05  Pylon  
  80  8:07  Probe  
  80  8:09  Pylon  
  80  8:11  Probe  
  80  8:12  Pylon  
  81  8:13  Protoss Ground Armor Level 1 (Chrono Boost)  
  81  8:17  High Templar  
  84  8:21  Probe  
  84  8:23  Photon Cannon  
  85  8:27  Photon Cannon  
  85  8:31  Photon Cannon  
  85  8:42  High Templar  
  85  8:43  High Templar  
  85  8:45  Zealot x2  
  85  8:48  Probe  
  93  8:55  Robotics Bay  
  94  8:58  Probe  
  94  9:01  Probe  
  96  9:10  Zealot x3  
  102  9:18  Probe, Robotics Facility  
  102  9:19  Pylon  
  103  9:28  Probe  
  104  9:38  High Templar  
  104  9:39  High Templar x3  
  104  9:42  Nexus  
  104  9:45  Assimilator  
  112  9:50  Assimilator  
  106  9:56  Zealot  
  106  10:16  Zealot  
  106  10:17  Zealot x2  
  112  10:27  Pylon  
  112  10:28  Colossus x2 (Chrono Boost)  
  112  10:30  Pylon  
  112  10:31  Extended Thermal Lance  
  124  10:38  Pylon  
  124  10:39  Pylon  
  124  10:41  Pylon  
  123  10:43  Probe  
  124  10:53  Probe  
  125  10:58  Zealot x4  
  131  11:16  Colossus x2 (Chrono Boost)  
  132  11:31  Stalker x2  
  132  11:32  Stalker x2  
  111  11:55  Stalker x2, Gateway  
  111  11:57  Gateway  
  111  11:59  Gateway  
  115  12:02  Stalker  
  111  12:20  Stalker x2  
  115  12:25  Probe  
  116  12:30  Probe  
  116  12:36  Probe  
  117  12:42  High Templar  
  117  12:43  High Templar x2  
  124  12:46  Probe  
  124  12:49  Colossus (Chrono Boost)  
  131  12:56  Stalker x2  
  135  13:01  Probe  
  136  13:08  Probe  
  136  13:11  Probe  
  137  13:13  Stalker  
  137  13:19  Sentry x2  
  144  13:20  Sentry, Probe  
  144  13:22  Probe  
  144  13:26  Sentry x2  
  152  13:32  Probe x2  
  154  13:37  Disruptor x2 (Chrono Boost)  
  154  13:39  Sentry  
  162  13:43  Probe  
  162  13:45  Probe  
  164  13:53  Probe  
  165  13:58  Probe  
  166  14:04  Probe  
  166  14:08  Warp Prism (Chrono Boost)  
  169  14:10  Probe  
  168  14:22  Probe  
  169  14:24  Zealot x5  
  179  14:34  Probe  
  178  14:40  Pylon  
  178  14:41  Pylon x2  
  96  15:01  Zealot x2  
  96  15:02  Probe, Zealot x4  
  107  15:20  Colossus x2 (Chrono Boost)  
  113  15:23  Stalker x6  
  125  15:41  Gateway  
  124  15:44  Gateway  
  124  15:48  High Templar x6  
  136  15:54  Probe  
  137  16:07  Probe  
  137  16:09  Colossus x2 (Chrono Boost)  
  140  16:52  Zealot x4  
  140  16:53  Zealot  
  150  16:58  Colossus (Chrono Boost)  
  150  16:59  Colossus (Chrono Boost)  
  162  17:03  Pylon  
  162  17:04  Pylon  
  162  17:05  Pylon  
  162  17:12  Zealot  
  162  17:13  Zealot  
  166  17:15  High Templar  
  166  17:17  High Templar  
  170  17:29  Nexus  
  170  17:34  Assimilator  
  170  17:36  Protoss Ground Weapons Level 2  
  170  17:39  Assimilator  
  170  17:41  Forge, Zealot x2  
  170  17:42  Zealot x3  
  179  18:18  Zealot x6  
  179  18:19  Zealot x2  
  181  18:41  Stalker  
  181  18:42  Stalker x6  
  122  18:56  Archon  
  122  18:59  Zealot  
  87  19:08  Gateway  
  87  19:23  Stalker x2, Gateway  
  87  19:24  Stalker, Gateway  
  93  19:25  Sentry x2  
  93  19:26  Gateway  
  93  19:27  Sentry x3  
  66  19:54  Stalker x4  
  63  20:08  High Templar x3  
Show
View Real Time Build Order
Export as new Build Order

oremj Terran - Winner!

Build Orders: MMM Bio 

Get SALT Encoding   

  12  0:01  SCV  
  13  0:13  SCV  
  14  0:18  Supply Depot  
  14  0:31  SCV  
  15  0:43  SCV, Barracks  
  16  0:55  SCV  
  16  0:56  Refinery  
  17  1:08  SCV  
  18  1:20  SCV  
  19  1:32  Orbital Command  
  19  1:34  Marine  
  20  1:46  Command Center  
  20  1:51  Marine  
  21  1:58  Supply Depot  
  21  2:03  SCV  
  22  2:10  Barracks Tech Lab  
  22  2:15  SCV  
  23  2:28  SCV  
  24  2:33  Barracks  
  24  2:36  Barracks  
  24  2:38  Marauder  
  24  2:41  SCV  
  27  2:53  SCV  
  27  2:54  Factory  
  28  3:02  Marauder  
  30  3:06  Orbital Command  
  30  3:11  SCV  
  31  3:25  Marauder  
  31  3:26  Barracks Reactor, Barracks Tech Lab  
  33  3:29  SCV  
  33  3:33  SCV  
  35  3:42  Refinery  
  35  3:48  Starport  
  35  3:49  Marauder  
  35  3:51  SCV  
  38  4:00  SCV  
  38  4:01  Refinery  
  39  4:03  SCV  
  40  4:10  Marauder, Marine x2  
  40  4:12  SCV  
  40  4:14  Marauder  
  45  4:21  SCV  
  46  4:32  Supply Depot  
  46  4:33  Supply Depot  
  46  4:41  Marauder, SCV x2, Medivac, Marine  
  53  4:45  Stimpack  
  53  4:47  Supply Depot  
  53  4:50  Factory Reactor  
  53  4:53  SCV  
  53  4:54  SCV  
  55  5:00  Marauder, Marine x2  
  55  5:03  Marauder  
  55  5:15  SCV  
  55  5:18  Marine x2  
  58  5:22  SCV, Marauder  
  58  5:25  Marauder  
  58  5:28  SCV  
  64  5:34  SCV  
  65  5:35  Marine  
  65  5:40  Barracks  
  65  5:42  Combat Shields, Barracks  
  66  5:44  Marauder, Marine  
  69  5:56  Marauder, Marine  
  72  5:57  SCV x2  
  72  6:02  Marine  
  75  6:09  SCV x2, Supply Depot  
  77  6:12  Supply Depot  
  77  6:15  Marauder  
  78  6:23  Refinery  
  78  6:31  SCV x2, Marine x3  
  83  6:34  Supply Depot  
  83  6:35  Supply Depot  
  83  6:36  Marauder  
  85  6:43  SCV x2  
  79  6:48  Marine x2  
  79  6:49  Marauder  
  75  6:55  SCV x2  
  75  6:57  Medivac x2  
  79  7:07  SCV x2  
  81  7:10  Barracks Tech Lab, Liberator  
  81  7:11  Barracks Reactor, Marine  
  81  7:12  Marine x2  
  84  7:16  Engineering Bay  
  84  7:19  SCV x2  
  84  7:21  Engineering Bay  
  89  7:30  Command Center  
  89  7:31  SCV  
  89  7:34  Marauder, Marine x2  
  89  7:35  Marine  
  95  7:38  SCV  
  96  7:47  Liberator  
  96  7:48  SCV  
  97  7:53  SCV  
  97  7:56  Marine x2  
  97  7:57  Marauder x2, Marine x2  
  97  7:58  Terran Infantry Weapons Level 1, Marauder  
  108  7:59  Terran Infantry Armor Level 1  
  111  8:08  SCV x2  
  113  8:14  Marine  
  113  8:16  Missile Turret, Marine x3  
  117  8:26  Supply Depot  
  117  8:27  Supply Depot  
  117  8:38  Marine  
  118  8:41  SCV x2, Marine x4  
  118  8:42  Marauder x2  
  118  8:44  Supply Depot  
  128  8:51  Medivac  
  128  8:53  SCV x2  
  132  8:56  Marine  
  132  8:59  Marauder  
  135  9:05  Marauder, Marine x4  
  135  9:06  SCV  
  142  9:14  Marine  
  143  9:17  SCV  
  143  9:20  Planetary Fortress  
  143  9:21  Marauder  
  143  9:23  Marine x2  
  148  9:27  Marine x2  
  148  9:28  Marauder  
  148  9:29  SCV x2  
  154  9:32  Marine  
  154  9:37  Armory  
  155  9:38  Refinery  
  155  9:40  Refinery  
  155  9:41  Liberator, Marine x2  
  155  9:42  Liberator  
  157  9:46  Marauder  
  157  9:51  Marine x2  
  157  9:52  Marauder  
  151  10:07  Marauder, Marine x3  
  139  10:15  Marauder, Marine x2  
  139  10:16  SCV x2  
  145  10:24  Marine x2  
  147  10:28  Starport  
  147  10:40  Marauder, Marine x3  
  147  10:41  SCV, Marauder  
  147  10:42  SCV, Marine  
  157  10:50  Terran Infantry Weapons Level 2, Terran Infantry Armor Level 2  
  157  10:57  Ghost Academy  
  157  11:01  Command Center  
  157  11:09  Liberator  
  157  11:10  Marine, Liberator  
  157  11:21  Marine  
  157  11:23  SCV x2, Marine  
  157  11:24  Marine  
  157  11:25  Marauder x2  
  156  11:26  Marauder  
  156  11:28  Marine  
  133  11:40  Marine  
  133  11:41  Marine x2  
  133  11:46  Marauder, Marine  
  119  11:47  Marauder  
  119  11:48  Marauder  
  119  11:51  SCV x2  
  123  11:56  Barracks  
  123  11:57  SCV, Barracks  
  123  11:58  Marine  
  123  11:59  Barracks, Marine x2  
  123  12:00  Barracks  
  123  12:01  Starport  
  127  12:04  Marine  
  127  12:08  Marauder x2  
  129  12:09  Marauder  
  129  12:15  Liberator x2  
  116  12:16  Marine  
  116  12:17  Marine  
  116  12:22  Marine x2  
  112  12:27  Liberator  
  112  12:29  Marauder  
  117  12:30  Marine, Marauder  
  124  12:37  Starport  
  124  12:42  Marine x4  
  131  12:48  Marauder  
  131  12:49  Planetary Fortress  
  131  12:50  Marine  
  134  12:52  Missile Turret  
  134  12:58  Missile Turret  
  134  13:01  Missile Turret  
  134  13:15  Medivac x2  
  134  13:16  Marauder x2, Refinery, Marine x3  
  134  13:19  Barracks Tech Lab  
  145  13:20  Barracks Tech Lab x2  
  145  13:22  Starport Reactor  
  145  13:24  Refinery  
  145  13:26  Command Center  
  145  13:37  Missile Turret  
  145  13:39  Barracks Tech Lab  
  145  13:42  Starport Reactor  
  145  13:45  Medivac x2  
  149  14:03  Marauder, Marine x4  
  149  14:04  Marauder x2  
  149  14:05  Marauder, Marine x2  
  153  14:14  Marauder  
  153  14:15  Medivac x2  
  159  14:20  Terran Infantry Weapons Level 3, Marine  
  159  14:21  Terran Infantry Armor Level 3, Marine x2  
  159  14:23  Marauder x2  
  166  14:25  Marauder  
  166  14:26  Marauder x2  
  166  14:31  Marine  
  172  14:32  Marauder, Medivac x2  
  172  14:36  Marauder  
  172  14:37  Liberator x3  
  169  14:40  Marine x3  
  169  14:45  Marauder x2  
  161  14:52  Marine x2  
  134  14:53  Marine, Marauder x2  
  134  14:57  Marauder  
  134  14:58  Marine x3  
  144  15:06  Marauder x2  
  148  15:10  Marine  
  148  15:11  Marauder  
  148  15:12  Marauder  
  148  15:13  Marine  
  148  15:14  Marauder, Medivac x2  
  157  15:15  Marine  
  157  15:16  Marine x2  
  157  15:19  Marauder  
  164  15:27  Marauder  
  164  15:28  Marine, Marauder  
  168  15:32  Marauder, Marine  
  172  15:41  Supply Depot  
  172  15:50  Planetary Fortress  
  172  16:02  Marine x3  
  172  16:03  Marauder x2  
  179  16:05  Marine  
  180  16:13  Supply Depot  
  180  16:16  Supply Depot  
  180  16:17  Supply Depot  
  180  16:27  Liberator x2  
  180  16:28  Liberator  
  180  16:31  Marine  
  180  16:34  Marine x4  
  180  16:35  Marauder x2  
  180  16:37  Marine  
  180  16:38  Marauder x3  
  198  16:49  Supply Depot, Marine  
  198  16:52  Supply Depot, Marine x4  
  198  16:53  Supply Depot  
  200  17:09  Command Center  
  200  17:40  Command Center  
  199  18:19  Marauder  
  195  18:46  Marauder, Marine  
  158  18:50  Marauder, Marine x2  
  158  18:51  Marauder x3, Marine  
  131  18:59  Marauder, Marine  
  131  19:01  Medivac x5  
  140  19:03  Marine  
  140  19:07  Marauder  
  140  19:08  Marine x3  
  146  19:12  Marauder x2  
  146  19:13  Marauder x2  
  146  19:16  Planetary Fortress  
  154  19:17  Marauder  
  154  19:19  Missile Turret  
  154  19:20  Marine  
  154  19:21  Marine  
  158  19:35  Marine x2  
  158  19:36  Marine x2, Marauder x4  
  158  19:37  Medivac  
  158  19:38  Marine, Medivac x2  
  176  19:39  Marine, Marauder  
  173  19:53  Marine x3  
  173  19:54  Marauder  
  173  19:57  Marine  
  180  20:11  Refinery x2  
Tags
 
Add a new tag
Caveats
  • Supply blocks, unpowered buildings, or Contaminate may cause inaccurate times.
  • Supply counts are checked every 10 seconds.